 Dungeon Crawl Stone Soup version 0.25-a0-523-g9afb2ee040 (webtiles) character file.

Game seed: 11263883272733572847, levelgen mode: deterministic

6673 Lugonue the Carver (level 10, -5/136 HPs)
             Began as a Minotaur Gladiator on Feb 18, 2020.
             Was an Elder of Qazlal.
             Slain by an unseen horror (7 damage)
             ... on level 8 of the Dungeon.
             The game lasted 00:14:08 (6726 turns).

Lugonue the Carver (Minotaur Gladiator)             Turns: 6726, Time: 00:14:08

Health: -5/136     AC: 14    Str: 28    XL:     10   Next: 73%
Magic:  9/9        EV: 10    Int:  5    God:    Qazlal [****..]
Gold:   333        SH:  5    Dex: 11    Spells: 9/9 levels left

rFire    . . .     SeeInvis .   a - +1 long sword
rCold    . . .     Gourm    .   (no shield)
rNeg     . . .     Faith    .   w - +0 plate armour
rPois    .         Spirit   .   c - +0 hat
rElec    .         Reflect  .   (no cloak)
rCorr    .         Harm     .   (no gloves)
MR       .....                  (no boots)
Stlth    ..........             (no amulet)
HPRegen  0.32/turn              g - +1 ring of slaying
MPRegen  0.11/turn              (no ring)

@: berserking (expiring), stab, very slightly contaminated, repel missiles, very
quick
A: retaliatory headbutt, horns 2
a: Upheaval, Elemental Force, Renounce Religion


You were on level 8 of the Dungeon.
You worshipped Qazlal.
Qazlal was greatly pleased with you.
You were very hungry.

You visited 1 branch of the dungeon, and saw 11 of its levels.
You also visited: Ossuary.

You collected 333 gold pieces.

Inventory:

Hand Weapons
 a - a +1 long sword (weapon)
Missiles
 d - 2 throwing nets (quivered)
Armour
 c - a +0 hat (worn)
 w - a +0 plate armour (worn)
Jewellery
 e - an uncursed ring of fire
 g - a +1 ring of slaying (left hand)
Scrolls
 h - 2 scrolls of remove curse
 i - 6 scrolls of identify
 j - 2 scrolls of noise
 k - 2 scrolls of teleportation
 r - a scroll of fear {unknown}
Potions
 m - 2 potions of magic
 o - 3 potions of degeneration
 q - 3 potions of flight
Comestibles
 f - 19 rations


   Skills:
 + Level 9.5 Fighting
 + Level 12.6 Long Blades
 + Level 2.1 Throwing
 * Level 10.1 Armour
 + Level 6.0 Dodging
 + Level 2.2 Stealth


You had 9 spell levels left.
You didn't know any spells.
Your spell library contained the following spells:

 Spells                   Type           Power        Failure   Level  Hunger
 Sandblast                Erth           #.....       99%         1    ##.....
 Passwall                 Tmut/Erth      #.......     100%        2    ###....
 Stone Arrow              Conj/Erth      #.....       100%        3    ####...
 Petrify                  Tmut/Erth      #.......     100%        4    #####..
 Bolt of Magma            Conj/Fire/Erth #.........   100%        5    ######.
 Iskenderun's Battlesphe  Conj/Chrm      #.......     100%        5    ######.
 Lee's Rapid Deconstruct  Erth           #.........   100%        5    ######.
 Iron Shot                Conj/Erth      #.........   100%        6    #######
 Orb of Destruction       Conj           #.........   100%        7    #######
 Spellforged Servitor     Conj/Summ      #.........   100%        7    #######


Dungeon Overview and Level Annotations

Branches:
Dungeon (11/15)            Temple (0/1) D:5             Orc (0/2) D:10
Ossuary (visited)
   Lair: D:8-11

Altars:
Cheibriados
Elyvilon
Gozag
Hepliaklqana
Makhleb
Qazlal
Ru
Trog
Xom
Zin

Shops:
D:9 ?

Annotations:
D:8 Psyche
D:10 exclusion: orange crystal statue


Innate Abilities, Weirdness & Mutations

You reflexively headbutt those who attack you in melee.
You have a pair of horns on your head.


Message History

a +0 flail; a +0 leather armour; a quokka corpse You feel a strong urge to attack something.
Something hits you but does no damage.
There is an open door here.
Something hits you but does no damage.
Something is blocking the doorway!
You feel your anger nearly subside. Something hits you.
* * * LOW HITPOINT WARNING * * *
You barely miss the black bear.
Something hits you but does no damage. x2
You slice the black bear!!
You kill the black bear!
Qazlal accepts your kill.
Your life force feels restored.
Something hits you.
* * * LOW HITPOINT WARNING * * *
You miss the adder. You headbutt the adder.
The adder is moderately wounded.
Something hits you!
You die...

###. ...#
#... #..##
#..# #...#
#...###..##
#..#..)..#
#S.a)..###
##..)###.#
#.#S#...##
###@.°...+
##..#..#
......#
#...## .###
##


You could see a soldier ant and an adder.

Vanquished Creatures
  An ugly thing (D:10)
  An elephant (D:8)
  A centaur skeleton (D:10)
  A troll (D:9)
  A spriggan (D:8)
  6 yaks
  2 basilisks (D:8)
  2 ice beasts
  2 orc warriors
  2 black bears
  A sky beast (D:5)
  4 ogres
  2 necrophages
  5 centaurs
  2 big kobolds
  5 bullfrogs
  A scorpion (D:8)
  A killer bee (D:8)
  9 wights
  2 howler monkeys
  2 bullfrog zombies
  2 crimson imps
  3 centaur zombies
  2 hounds
  10 orc wizards
  A human zombie (Ossuary)
  An orc priest (D:10)
  2 jellies (D:5)
  Natasha (thrice) (D:3)
  6 worker ants
  4 iguanas
  A big kobold zombie (Ossuary)
  A hound zombie (D:9)
  6 mummies
  13 adders
  3 shadow imps
  An ooze (D:2)
  An adder skeleton (D:5)
  3 worms
  A dart slug (D:1)
  7 leopard geckos
  17 orcs
  A ball python (D:6)
  2 giant cockroaches (D:8)
  A gnoll zombie (Ossuary)
  2 goblins
  3 hobgoblins
  8 jackals
  10 kobolds
  3 quokkas
  5 bats
  2 frilled lizards
  3 goblin zombies (Ossuary)
  3 rats
184 creatures vanquished.

Vanquished Creatures (others)
  2 orcs (D:8)
  A quokka (D:6)
  2 toadstools (D:7)
5 creatures vanquished.

Grand Total: 189 creatures vanquished

Notes
Turn   | Place    | Note
-------+----------+-------------------------------------------
     0 | D:1      | Lugonue the Minotaur Gladiator began the quest for the Orb.
     0 | D:1      | Reached XP level 1. HP: 18/18 MP: 0/0
   122 | D:1      | Reached XP level 2. HP: 23/25 MP: 1/1
   138 | D:1      | You fall into a shaft and drop 1 floor!
   142 | D:2      | Found a faded altar of an unknown god.
   153 | D:2      | Became a worshipper of Qazlal Stormbringer
   153 | D:2      | Reached * piety under Qazlal
   160 | D:2      | Reached skill level 4 in Long Blades
   172 | D:2      | Reached XP level 3. HP: 21/30 MP: 2/2
   479 | D:3      | Reached XP level 4. HP: 25/38 MP: 3/3
   758 | D:3      | Reached ** piety under Qazlal
   808 | D:3      | Reached skill level 1 in Armour
   850 | D:3      | Reached XP level 5. HP: 5/46 MP: 4/4
  1265 | D:3      | Noticed Natasha
  1271 | D:3      | Killed Natasha
  1271 | D:3      | Reached skill level 5 in Long Blades
  1323 | D:3      | Noticed Natasha
  1324 | D:3      | Found a glowing silver altar of Zin.
  1330 | D:3      | Killed Natasha
  1337 | D:3      | Noticed Natasha
  1348 | D:3      | Killed Natasha
  1586 | D:4      | Reached XP level 6. HP: 53/53 MP: 5/5
  1699 | D:5      | Entered Level 5 of the Dungeon
  1757 | D:5      | Noticed a sky beast
  1776 | D:5      | Killed a sky beast
  1776 | D:5      | Reached skill level 5 in Fighting
  1776 | D:5      | Reached skill level 6 in Long Blades
  1776 | D:5      | Reached XP level 7. HP: 29/61 MP: 6/6
  2438 | D:5      | Reached skill level 7 in Long Blades
  2445 | D:5      | Found a staircase to the Ecumenical Temple.
  2762 | D:6      | Found a white marble altar of Elyvilon.
  2805 | D:6      | Reached skill level 5 in Armour
  2805 | D:6      | Reached XP level 8. HP: 18/70 MP: 7/7
  2839 | D:6      | Reached skill level 8 in Long Blades
  3009 | D:6      | Reached skill level 5 in Dodging
  3062 | D:6      | Reached *** piety under Qazlal
  3064 | D:6      | Found a sand-covered staircase.
  3073 | Ossuary  | Entered an ossuary
  3140 | Ossuary  | Reached skill level 1 in Stealth
  3158 | Ossuary  | Reached skill level 9 in Long Blades
  3490 | D:6      | Found a burning altar of Makhleb.
  3530 | D:6      | Found an opulent altar of Gozag.
  3829 | D:6      | Found a shimmering altar of Xom.
  3839 | D:6      | Found a sacrificial altar of Ru.
  4213 | D:7      | You fall into a shaft and drop 3 floors!
  4213 | D:10     | Entered Level 10 of the Dungeon
  4220 | D:10     | Reached skill level 10 in Long Blades
  4220 | D:10     | Reached XP level 9. HP: 63/77 MP: 8/8
  4680 | D:10     | Found a staircase to the Orcish Mines.
  4777 | D:10     | Noticed an orange crystal statue
  4848 | D:10     | Reached skill level 11 in Long Blades
  4854 | D:10     | Reached **** piety under Qazlal
  4857 | D:10     | Noticed a gargoyle
  5481 | D:11     | Noticed a seven-headed hydra
  5481 | D:11     | Noticed a green ugly thing
  5497 | D:10     | Killed a green ugly thing
  5497 | D:10     | Reached skill level 12 in Long Blades
  5497 | D:10     | Reached XP level 10. HP: 45/90 MP: 9/9
  6019 | D:9      | Found Rotamaeboa's Magic Scroll Boutique.
  6135 | D:9      | Found a snail-covered altar of Cheibriados.
  6208 | D:9      | Found a bloodstained altar of Trog.
  6416 | D:9      | Found a hazy altar of Hepliaklqana.
  6577 | D:8      | Noticed Psyche
  6587 | D:8      | Noticed an elephant
  6641 | D:8      | Killed an elephant
  6710 | D:8      | Reached skill level 10 in Armour
  6719 | D:8      | HP: 6/136 [something (2)]
  6725 | D:8      | HP: 2/136 [something (3)]
  6726 | D:8      | Slain by an unseen horror

Levels and vault maps discovered:
D:1:      giann_forest_graveyard, layout_basic, chequers_big_river
D:2:      layout_rooms, chequers_ecumenical_altar_simple
D:3:      layout_basic, zin_statuary, kennysheep_generic_room_16, uniq_natasha
D:4:      layout_basic, nicolae_qazlal_general_emergency, first_ration,
          ashenzari_altar_1, uniq_robin
D:5:      layout_loops_ring, minmay_temple_entry_glassed_door
D:6:      layout_loops_corners, overflow_temple_1_default, elyvilon_altar_4,
          lemuel_doored_altar, minitemple, nicolae_ossuary_entry_ruins
D:7:      layout_loops_corners, kennysheep_mini, kennysheep_little_box,
          minmay_gold_behind_fungi, fedhas_altar_2
D:8:      minmay_slanted_spiral_squares, layout_rooms, david_lair_generic,
          basic_altar, the_bakery, kennysheep_kite_vault, uniq_psyche
D:9:      layout_basic, lemuel_coloured_pillars_altar, kennysheep_mini_moat,
          slow_altar_1, serial_shops, nicolae_shop_stone
D:10:     layout_stronghold, orc_0_dummy, minivault_16
D:11:     layout_basic, ebering_ghost_gozag, minmay_misc_feat_iff, uniq_nergalle

Skill      XL: |  1  2  3  4  5  6  7  8  9 10 |
---------------+-------------------------------+-----
Long Blades    | 4 5 6 7 10 12 | 12.6
Fighting       | 3 4 5 6 8 9 |  9.5
Dodging        | 4 5 6 |  6.0
Armour         | 1 2 3 5 6 8 10 | 10.1
Stealth        | 1 2 |  2.2
Throwing       | |  2.1

Action                   |  1- 3 |  4- 6 |  7- 9 | 10-12 || total
-------------------------+-------+-------+-------+-------++-------
Melee: Long sword        |    44 |    73 |   245 |   111 ||   473
       Headbutt          |     2 |     9 |    60 |    25 ||    96
Throw: Throwing net      |       |       |       |     1 ||     1
  Use: Scroll            |       |     3 |    12 |     3 ||    18
       Potion            |       |     1 |     4 |    10 ||    15
 Stab: Sleeping          |     1 |       |       |       ||     1
       Held in net/web   |       |       |       |     2 ||     2
  Eat: Chunk             |       |     2 |     6 |     3 ||    11
       Ration            |       |       |     2 |       ||     2
Armor: Leather armour    |    14 |     6 |       |       ||    20
       Scale mail        |       |    22 |    32 |       ||    54
       Plate armour      |       |       |    34 |    78 ||   112
       Skin              |       |       |    32 |       ||    32
Dodge: Dodged            |    57 |    41 |   102 |    53 ||   253
       Deflected         |       |       |     1 |     5 ||     6
Block: Other             |     1 |     4 |    45 |    27 ||    77
       Rpst.: Long sword |    11 |    10 |    27 |    11 ||    59

Table legend:
 A = Non-vault XP
 B = Vault XP
 C = Vault XP percentage of total XP
 D = Non-vault monster count
 E = Vault monster count
 F = Vault count percentage of total count
                 A         B        C        D         E       F
            +---------+---------+-------+---------+---------+-------
      Total |    7441 |    2092 |  21.9 |     152 |      32 |  17.4
            +---------+---------+-------+---------+---------+-------
        D:1 |      15 |       0 |   0.0 |       8 |       0 |   0.0
        D:2 |      57 |       0 |   0.0 |      16 |       0 |   0.0
        D:3 |     196 |      46 |  19.0 |      13 |       4 |  23.5
        D:4 |     118 |       0 |   0.0 |       8 |       0 |   0.0
        D:5 |     644 |       0 |   0.0 |      17 |       0 |   0.0
        D:6 |     892 |       0 |   0.0 |      19 |       0 |   0.0
        D:7 |     230 |       0 |   0.0 |       2 |       0 |   0.0
        D:8 |     803 |    1775 |  68.9 |      18 |      14 |  43.8
        D:9 |     983 |      18 |   1.8 |      18 |       1 |   5.3
       D:10 |    3503 |       0 |   0.0 |      33 |       0 |   0.0
    Ossuary |       0 |     253 | 100.0 |       0 |      13 | 100.0
            +---------+---------+-------+---------+---------+-------
